 Dungeon Crawl Stone Soup version 0.24-a0-441-g27f0392 (webtiles) character file.

Game seed: 6993441417285872611

981 r3xj the Protected (level 8, 0/68 HPs)
             Began as a Barachi Fighter on June 20, 2019.
             Was a Follower of Okawaru.
             Slain by a centaur (2 damage)
             ... on level 6 of the Dungeon.
             The game lasted 00:10:35 (4304 turns).

r3xj the Protected (Barachi Fighter)                Turns: 4304, Time: 00:10:36

Health: 0/68       AC: 14    Str: 17    XL:     8   Next: 17%
Magic:  8/8        EV:  7    Int: 11    God:    Okawaru [*.....]
Gold:   203        SH:  0    Dex: 12    Spells: 7/7 levels left

rFire    . . .     SeeInvis +   p - +3 dagger (venom)
rCold    . . .     Gourm    .   c - +0 shield
rNeg     . . .     Faith    .   b - +0 scale mail
rPois    .         Spirit   .   F - +0 helmet
rElec    .         Reflect  .   (no cloak)
rCorr    .         Harm     +   d - +0 pair of gloves
MR       .....                  (no boots)
Stlth    ..........             B - amulet of harm
HPRegen  0.21/turn              h - ring of see invisible
MPRegen  0.11/turn              D - +3 ring of protection

@: confused, slow
A: +LOS, swims, slowness 1, strong legs 1
a: Hop, Heroism, Renounce Religion


You were on level 6 of the Dungeon.
You worshipped Okawaru.
Okawaru was aware of your devotion.
You were not hungry.

You visited 1 branch of the dungeon, and saw 6 of its levels.

You collected 203 gold pieces.

Inventory:

Hand Weapons
 a - a +0 long sword
 p - a +3 dagger of venom (weapon)
Missiles
 A - 6 silver javelins (quivered)
Armour
 b - a +0 scale mail (worn)
 c - a +0 shield (worn)
 d - a +0 pair of gloves (worn)
 F - a +0 helmet (worn)
Jewellery
 h - a ring of see invisible (left hand)
 B - an amulet of harm (around neck)
 C - a +4 ring of strength
 D - a +3 ring of protection (right hand)
Wands
 E - a wand of clouds (4)
Scrolls
 g - 6 scrolls of identify
 l - a scroll of noise {unknown}
 s - 2 scrolls of enchant weapon
 u - a scroll of amnesia {unknown}
 w - 3 scrolls of remove curse
 y - a scroll of magic mapping {unknown}
Potions
 e - 2 potions of cancellation
 i - 2 potions of heal wounds {unknown}
 j - 2 potions of haste {unknown}
 k - a potion of brilliance {unknown}
 m - 2 potions of invisibility {unknown}
 n - a potion of degeneration {unknown}
 o - 3 potions of mutation {unknown}
 q - a potion of agility {unknown}
 r - a potion of berserk rage {unknown}
 t - a potion of curing {unknown}
 v - a potion of magic {unknown}
 x - a potion of lignification {unknown}
 z - a potion of resistance {unknown}
Comestibles
 f - 15 rations
 G - 4 chunks of flesh


   Skills:
 + Level 8.0 Fighting
 - Level 3.0 Long Blades
 + Level 8.6 Armour
 - Level 4.0 Shields


You had 7 spell levels left.
You didn't know any spells.
Your spell library was empty.

Dungeon Overview and Level Annotations

Branches:
Dungeon (6/15)
 Temple: D:4-7

Altars:
Elyvilon
Okawaru
Sif Muna
Trog
Yredelemnul

Shops:
D:4 (


Innate Abilities, Weirdness & Mutations

Shadows flee at your approach. (+LOS)
You can swim through water.
You cover ground slowly.
You can hop short distances.


Message History

The orc wizard hits you with a +0 dagger.
* * * LOW HITPOINT WARNING * * *
You're too confused to move!
The orc barely misses you.
The orc priest hits you but does no damage.
The centaur hits you.
* * * LOW HITPOINT WARNING * * *
The quokka skeleton bites you but does no damage.
The orc wizard points at you and mumbles some strange words.
The puff of flame hits you.
* * * LOW HITPOINT WARNING * * *
You hit the orc.
The orc is poisoned.
The orc is heavily wounded.
The centaur hits you but does no damage.
The orc hits you with a +0 falchion.
* * * LOW HITPOINT WARNING * * *
The orc priest hits you but does no damage.
The quokka skeleton bites you but does no damage.
The orc wizard hits you but does no damage.
The centaur hits you.
You die...

.. ## ###### ... ..#
...%... .... .. ###
....... ....# ..
..##...... .....##.
....c.# ## ...#.... #)).#
#. .......####)# #.
....##..o@o).#### #.
........oZc.....# #.
.....#.....##...### .. #.
.#.......#####....#....
#. ##....#.#
#...##.......#.
.....##.###......#.....##
.....^........#####
.....#
.##..........###### #....
.................####....


You could see a centaur, an orc priest, an orc wizard (invisible), an orc and a
quokka skeleton.

Vanquished Creatures
  A sky beast (D:5)
  A bullfrog (D:6)
  A scorpion (D:5)
  A howler monkey (D:5)
  2 crimson imps
  2 hounds
  3 orc priests
  2 bullfrog skeletons
  6 orc wizards
  2 worker ants
  A hound skeleton (D:6)
  A worker ant zombie (D:5)
  8 adders
  3 oozes
  A worm (D:2)
  3 dart slugs
  4 leopard geckos
  29 orcs
  6 giant cockroaches
  3 hobgoblins
  12 jackals
  A quokka (D:5)
  A ball python (D:5)
  7 bats
  5 frilled lizards
  7 goblins
  A jackal skeleton (D:3)
  7 kobolds
  A leopard gecko skeleton (D:5)
  2 rats (D:3)
124 creatures vanquished.

Notes
Turn   | Place    | Note
-------+----------+-------------------------------------------
     0 | D:1      | r3xj the Barachi Fighter began the quest for the Orb.
     0 | D:1      | Reached XP level 1. HP: 18/18 MP: 1/1
   453 | D:1      | Reached XP level 2. HP: 18/25 MP: 2/2
   782 | D:2      | Reached XP level 3. HP: 20/30 MP: 3/3
   984 | D:2      | Reached XP level 4. HP: 37/37 MP: 4/4
  1047 | D:2      | Found a deep blue altar of Sif Muna.
  1320 | D:3      | Reached skill level 5 in Armour
  1340 | D:3      | Found a basalt altar of Yredelemnul.
  1451 | D:3      | Reached XP level 5. HP: 32/43 MP: 5/5
  1472 | D:3      | Reached skill level 5 in Fighting
  1736 | D:3      | Found an iron altar of Okawaru.
  1736 | D:3      | Found a bloodstained altar of Trog.
  1871 | D:3      | Reached XP level 6. HP: 49/51 MP: 6/6
  2093 | D:3      | Became a worshipper of Warmaster Okawaru
  2573 | D:4      | Found Kiudoint's Antique Weapon Shoppe.
  2684 | D:4      | Reached XP level 7. HP: 35/58 MP: 7/7
  3223 | D:5      | Entered Level 5 of the Dungeon
  3292 | D:5      | Reached * piety under Okawaru
  3651 | D:5      | Found a white marble altar of Elyvilon.
  3783 | D:5      | Found an iron altar of Okawaru.
  4205 | D:6      | Reached XP level 8. HP: 60/68 MP: 8/8
  4304 | D:6      | HP: 2/68 [orc/+0 falchion (7)]
  4304 | D:6      | Slain by a centaur

Levels and vault maps discovered:
D:1:      minmay_arrival_cross, layout_loops_ring
D:2:      layout_loops_cross, first_ration, led_sif_pool
D:3:      layout_rooms, overflow_temple_1_default, grunt_temple_overflow_open
D:4:      layout_loops_ring, serial_shops, shop
D:5:      layout_loops_ring, old_standard_altar, basic_altar
D:6:      layout_rooms, serial_shops, shop_fountains, grunt_ministairs_11,
          grunt_decor_mini_mirrors, tgw_kikubaaqudgha, uniq_menkaure

Skill      XL: |  1  2  3  4  5  6  7  8 |
---------------+-------------------------+-----
Armour         | 4 5 6 7 8 |  8.6
Fighting       | 4 5 6 7 8 |  8.0
Long Blades    | 3 |  3.0
Shields        | 4 |  4.0

Action                   |  1- 3 |  4- 6 |  7- 9 || total
-------------------------+-------+-------+-------++-------
Melee: Long sword        |    59 |       |       ||    59
       Dagger            |    48 |   198 |   175 ||   421
Invok: Heroism           |       |       |     1 ||     1
  Use: Scroll            |       |     5 |       ||     5
       Potion            |       |       |     1 ||     1
  Eat: Chunk             |     1 |     6 |     6 ||    13
Armor: Scale mail        |    48 |    75 |    84 ||   207
Dodge: Dodged            |    25 |    63 |    56 ||   144
Block: Shield            |    46 |   115 |    66 ||   227
       Rpst.: Long sword |     6 |       |       ||     6

Table legend:
 A = Non-vault XP
 B = Vault XP
 C = Vault XP percentage of total XP
 D = Non-vault monster count
 E = Vault monster count
 F = Vault count percentage of total count
                 A         B        C        D         E       F
            +---------+---------+-------+---------+---------+-------
      Total |    1402 |       0 |   0.0 |     124 |       0 |   0.0
            +---------+---------+-------+---------+---------+-------
        D:1 |      20 |       0 |   0.0 |      11 |       0 |   0.0
        D:2 |      81 |       0 |   0.0 |      25 |       0 |   0.0
        D:3 |     298 |       0 |   0.0 |      33 |       0 |   0.0
        D:4 |     336 |       0 |   0.0 |      21 |       0 |   0.0
        D:5 |     450 |       0 |   0.0 |      25 |       0 |   0.0
        D:6 |     217 |       0 |   0.0 |       9 |       0 |   0.0
            +---------+---------+-------+---------+---------+-------
